 Dungeon Crawl Stone Soup version 0.30.0 (webtiles) character file.

Game seed: 14962475061125029762

9906 Dani the Skirmisher (level 11, -4/81 HPs)
             Began as a Demonspawn Hunter on May 21, 2023.
             Was a High Priest of Okawaru.
             Slain by a skeletal warrior
             ... wielding a +0 short sword
              (13 damage)
             ... on level 9 of the Dungeon.
             The game lasted 00:21:52 (9685 turns).

Dani the Skirmisher (Demonspawn Hunter)             Turns: 9685, Time: 00:21:52

Health: -4/81      AC: 10    Str: 12    XL:     11   Next: 29%
Magic:  16/16      EV: 27    Int: 15    God:    Okawaru [*****.]
Gold:   601        SH:  0    Dex: 16    Spells: 10/10 levels left

rFire   . . .        a - +1 shortbow (flame)
rCold   . . .        (shield currently unavailable)
rNeg    . . .        v - +0 troll leather armour
rPois   .            (no helmet)
rElec   .            w - +0 cloak
rCorr   .            (no gloves)
SInv    .            A - +0 pair of boots
Will    .....        (no amulet)
Stlth   +++          f - +5 ring of evasion
HPRegen 1.13/turn    u - +5 ring of evasion
MPRegen 0.15/turn

%: no passive effects
@: heroic
A: hooves 1, ignite blood 1, sharp scales 2, demonic magic 1
a: Renounce Religion, Heroism, Finesse, Duel


You were on level 9 of the Dungeon.
You worshipped Okawaru.
Okawaru was extremely pleased with you.
You visited 2 branches of the dungeon, and saw 11 of its levels.
You also visited: Sewer.

You collected 601 gold pieces.

Inventory:

Hand Weapons
 a - a +1 shortbow of flaming (weapon)
Missiles
 Z - a throwing net
Armour
 c - a +1 leather armour
 p - +1 acid dragon scales
   (You took it off Maggie on level 6 of the Dungeon)
 r - a +3 scale mail of poison resistance
   (You took it off Edmund on level 4 of the Dungeon)
 v - a +0 troll leather armour (worn)
   (You found it on level 9 of the Dungeon)
 w - a +0 cloak (worn)
   (You found it on level 9 of the Dungeon)
 A - a +0 pair of boots (worn)
   (You found it on level 5 of the Dungeon)
Jewellery
 f - a +5 ring of evasion (left hand)
   (You found it on level 1 of the Dungeon)
 l - a ring of willpower
   (You found it on level 6 of the Dungeon)
 n - a +6 ring of dexterity
   (You found it on level 5 of the Dungeon)
 o - a ring of poison resistance
   (You took it off an orc warrior on level 9 of the Dungeon)
 u - a +5 ring of evasion (right hand)
   (You found it on level 8 of the Dungeon)
 z - a +5 ring of evasion
   (You took it off an orc on level 9 of the Dungeon)
Wands
 I - a wand of iceblast (8)
   (You took it off a wight on level 7 of the Dungeon)
 V - a wand of flame (4)
   (You found it on level 5 of the Dungeon)
Scrolls
 b - 3 scrolls of immolation
 j - 4 scrolls of enchant armour
 k - a scroll of enchant weapon
 q - a scroll of fear
 x - a scroll of amnesia
 y - 2 scrolls of fog
 M - 4 scrolls of magic mapping
 R - 2 scrolls of identify {@r1}
 T - 2 scrolls of teleportation
Potions
 d - 2 potions of flight
 e - 4 potions of mutation {!q}
 g - 3 potions of attraction
 h - a potion of heal wounds
 i - a potion of cancellation
 m - 2 potions of ambrosia
 s - a potion of brilliance
 t - a potion of might
 H - a potion of haste
 Q - 3 potions of curing {@q1}


   Skills:
 + Level 6.0(11.0) Fighting
 + Level 13.2(18.2) Ranged Weapons
 + Level 5.0(10.0) Armour
 + Level 5.4(10.4) Dodging
 - Level 0.8(5.8) Stealth
 - Level 7.0 Invocations


You had 10 spell levels left.
You didn't know any spells.
Your spell library contained the following spells:

 Spells                   Type           Power      Damage    Failure   Level
 Magic Dart               Conj           0%         1d3       32%         1
 Cigotuvi's Dreadful Rot  Necr/Pois/Air  0%         N/A       45%         2
 Searing Ray              Conj           0%         2d4       45%         2
 Dazzling Flash           Conj/Hex       0%         N/A       69%         3
 Gell's Gravitas          Tloc           0%         N/A       69%         3
 Mephitic Cloud           Conj/Pois/Air  0%         N/A       69%         3
 Teleport Other           Tloc           0%         N/A       69%         3
 Dispel Undead            Necr           0%         3d6       97%         4
 Fulminant Prism          Conj/Hex       0%         3d5       97%         4
 Agony                    Necr           0%         N/A       100%        5
 Silence                  Hex/Air        0%         N/A       100%        5
 Dispersal                Tloc           0%         N/A       100%        6
 Call Imp                 Summ           Unusable   N/A       N/A         2
 Death Channel            Necr           Unusable   N/A       N/A         6

Dungeon Overview and Level Annotations

Branches:
Dungeon (10/15)            Temple (1/1) D:4            Lair (0/5) D:9
  Sewer (visited)
    Orc: D:9-12

Altars:
Ashenzari
Cheibriados
Dithmenos
Fedhas
Gozag
Hepliaklqana
Kikubaaqudgha
Makhleb
Nemelex Xobeh
Okawaru
Qazlal
Ru
Sif Muna
Trog
Uskayaw
Vehumet
Wu Jian
Xom
Yredelemnul

Shops:
D:1 *   D:3 [   D:7 :   D:8 !


Innate Abilities, Weirdness & Mutations

You have large cloven feet.
Your demonic aura sometimes causes spilled blood to erupt in flames.
You are mostly covered in razor-sharp scales. (AC +2, Slay +2)
Spells you cast may paralyse adjacent enemies.


Message History

The skeletal warrior attacks as you move away!
The skeletal warrior hits you with a +0 short sword!
* * * LOW HITPOINT WARNING * * *
There is a stone staircase leading up here.
The skeletal warrior hits you with a +0 short sword!
* * * LOW HITPOINT WARNING * * *
You climb upwards.
There is a stone staircase leading down here.
The skeletal warrior completely misses you.
The skeletal warrior attacks as you move away!
The skeletal warrior completely misses you.
The skeletal warrior attacks as you move away!
The skeletal warrior hits you with a +0 short sword!!
* * * LOW HITPOINT WARNING * * *
The skeletal warrior is engulfed in blazing flames.
There is an open door here.
You close the door.
You feel like a meek peon again.
You start resting.
A skeletal warrior is nearby!
There is an open door here.
You close the door.
You start resting.
A skeletal warrior opens the door.
It is wielding a +0 short sword.
There is an open door here.
There is an open door here.
There is an open door here.
You shoot an arrow.
The arrow hits the skeletal warrior but does no damage.
You shoot an arrow.
The arrow hits the skeletal warrior but does no damage.
You shoot an arrow.
The arrow closely misses the skeletal warrior.
You shoot an arrow. The arrow hits the skeletal warrior.
The arrow burns the skeletal warrior.
The skeletal warrior is lightly damaged.
You shoot an arrow.
The arrow hits the skeletal warrior but does no damage.
The skeletal warrior is lightly damaged.
The skeletal warrior closely misses you.
You shoot an arrow.
The arrow hits the skeletal warrior but does no damage.
The skeletal warrior is lightly damaged.
The skeletal warrior hits you with a +0 short sword!!
You shoot an arrow. The arrow hits the skeletal warrior!
The arrow burns the skeletal warrior.
The skeletal warrior is moderately damaged.
The skeletal warrior hits you with a +0 short sword!
* * * LOW HITPOINT WARNING * * *
You shoot an arrow.
The arrow hits the skeletal warrior but does no damage.
The skeletal warrior is lightly damaged.
The skeletal warrior misses you.
You shoot an arrow.
The arrow closely misses the skeletal warrior.
You gain the combat prowess of a mighty hero.
The skeletal warrior misses you.
You shoot an arrow.
The arrow closely misses the skeletal warrior.
The skeletal warrior completely misses you.
Fire: a) +1 shortbow (flame)
Press: ? - help, Q - select action, (/) - cycle Shift-Dir - straight line, f/p - skeletal warrior
Aim: a skeletal warrior, wielding a +0 short sword (lightly damaged, 74% to hit)
You shoot an arrow.
The arrow closely misses the skeletal warrior.
The skeletal warrior hits you with a +0 short sword!!
* * * LOW HITPOINT WARNING * * *
Fire: a) +1 shortbow (flame)
Press: ? - help, Q - select action, (/) - cycle Shift-Dir - straight line, f/p - skeletal warrior
Aim: a skeletal warrior, wielding a +0 short sword (lightly damaged, 74% to hit)
Okay, then.
Fire: a) +1 shortbow (flame)
Press: ? - help, Q - select action, (/) - cycle Shift-Dir - straight line, f/p - skeletal warrior
Aim: a skeletal warrior, wielding a +0 short sword (lightly damaged, 74% to hit)
You shoot an arrow.
The arrow hits the skeletal warrior but does no damage.
The skeletal warrior is lightly damaged.
The skeletal warrior is engulfed in blazing flames.
The skeletal warrior attacks as you move away!
The skeletal warrior hits you with a +0 short sword!!
* * * LOW HITPOINT WARNING * * *
The skeletal warrior attacks as you move away!
The skeletal warrior completely misses you.
The skeletal warrior is engulfed in blazing flames.
The skeletal warrior attacks as you move away!
The skeletal warrior completely misses you.
There is a stone staircase leading down here.
The skeletal warrior attacks as you move away!
The skeletal warrior completely misses you.
The skeletal warrior attacks as you move away!
The skeletal warrior hits you with a +0 short sword.
* * * LOW HITPOINT WARNING * * *
The skeletal warrior attacks as you move away!
The skeletal warrior completely misses you.
The skeletal warrior attacks as you move away!
The skeletal warrior hits you with a +0 short sword!!
* * * LOW HITPOINT WARNING * * *
The skeletal warrior attacks as you move away!
The skeletal warrior hits you with a +0 short sword!
You die...

#..........#########......
#..........# #......
#..........## #......
########.)..# #......
#....# ##..... #....#
##.... ####....# #.###
#....z○.# #.#..
#....@######## #.#.#
#............# #)..#
#............# #####
#............#########
#........~≈[[≈≈.......
#...~....~~≈≈≈~~..~...
#.....~.~~≈≈≈≈≈~≈~..~~
########...~≈~≈≈≈≈≈≈≈≈~.~÷.
#.........~.~≈~≈≈≈~≈≈≈≈≈≈~≈


You could see a skeletal warrior.

Vanquished Creatures
  Maggie (D:6)
  4 unseen horror zombies (D:9)
  An unseen horror (D:10)
  2 trolls (D:9)
  2 hornets (D:9)
  Prince Ribbit (D:8)
  7 yaks
  3 wyverns
  Eustachio (D:6)
  A steam dragon (D:9)
  4 vampire mosquitoes (D:10)
  Menkaure (D:4)
  An acid dragon (D:9)
  Edmund (D:4)
  3 water moccasins
  3 ice beasts
  A sky beast (D:6)
  A black bear (D:7)
  3 orc warriors
  3 wolves (D:9)
  2 centaurs
  5 bullfrogs
  6 kobold brigands
  Blork the orc (D:5)
  A scorpion (D:4)
  20 wights
  5 killer bees (D:10)
  3 electric eels (D:9)
  2 howler monkeys
  5 hounds
  2 centaur zombies (D:9)
  2 jellies
  4 orc priests
  A sleepcap (D:7)
  3 iguanas
  7 orc wizards
  3 howler monkey zombies (D:9)
  9 gnolls
  7 adders
  2 river rats (Sewer)
  3 shadow imps (D:6)
  A white imp (D:6)
  5 worms
  3 dart slugs (D:4)
  29 orcs
  10 ball pythons
  8 endoplasms
  3 giant cockroaches
  5 goblins
  4 hobgoblins
  2 jackals (D:3)
  6 quokkas
  6 bats
  3 frilled lizards (D:3)
  36 kobolds
  8 rats
266 creatures vanquished.

Notes
Turn   | Place    | Note
-------+----------+-------------------------------------------
     0 | D:1      | Dani the Demonspawn Hunter began the quest for the Orb.
     0 | D:1      | Reached XP level 1. HP: 16/16 MP: 1/1
    43 | D:1      | HP: 1/16 [kobold/+0 short sword (4)]
   480 | D:1      | Reached skill level 4 in Ranged Weapons
   542 | D:1      | Gained mutation: Spells you cast may paralyse adjacent
                  | enemies. [demonic ancestry]
   542 | D:1      | Reached XP level 2. HP: 21/22 MP: 2/2
   656 | D:1      | Found Jiniudyc's General Store.
  1290 | D:2      | Reached XP level 3. HP: 27/27 MP: 3/3
  1927 | D:3      | Reached skill level 5 in Ranged Weapons
  1971 | D:2      | Gained mutation: Your demonic aura sometimes causes spilled
                  | blood to erupt in flames. [demonic ancestry]
  1971 | D:2      | Reached XP level 4. HP: 31/33 MP: 4/4
  2220 | D:3      | Found Ashyarod's Armour Boutique.
  2328 | D:3      | Found an iron altar of Okawaru.
  2361 | D:3      | You fall into a shaft and drop 3 floors!
  2364 | D:6      | Noticed a sky beast
  2385 | D:6      | Killed a sky beast
  2386 | D:6      | Reached skill level 6 in Ranged Weapons
  2386 | D:6      | Reached XP level 5. HP: 20/38 MP: 5/5
  2594 | D:6      | Gained mutation: You are partially covered in razor-sharp
                  | scales. (AC +1, Slay +1) [demonic ancestry]
  2594 | D:6      | Reached XP level 6. HP: 36/44 MP: 6/6
  2936 | D:6      | Noticed an ice beast
  2945 | D:6      | Killed an ice beast
  2946 | D:6      | Reached skill level 7 in Ranged Weapons
  3232 | D:5      | Entered Level 5 of the Dungeon
  3519 | D:5      | Reached XP level 7. HP: 37/50 MP: 7/7
  3547 | D:5      | Noticed Blork the orc
  3556 | D:5      | Killed Blork the orc
  3557 | D:5      | Reached skill level 8 in Ranged Weapons
  3902 | D:6      | Noticed Maggie
  3911 | D:6      | Killed Maggie
  3912 | D:6      | Reached skill level 9 in Ranged Weapons
  4110 | D:6      | Noticed Eustachio
  4206 | D:4      | Found a staircase to the Ecumenical Temple.
  4211 | Temple   | Entered the Ecumenical Temple
  4351 | D:4      | Noticed Menkaure
  4357 | D:4      | Killed Menkaure
  4358 | D:4      | Reached XP level 8. HP: 56/56 MP: 8/8
  4474 | D:4      | Noticed Edmund
  4482 | D:4      | Killed Edmund
  4508 | D:4      | Reached skill level 10 in Ranged Weapons
  4613 | D:3      | Became a worshipper of Warmaster Okawaru
  4823 | D:4      | Found a glowing drain.
  4839 | Sewer    | Entered a sewer
  5516 | D:4      | Found a shimmering altar of Xom.
  5760 | D:6      | Killed Eustachio
  5761 | D:6      | Reached skill level 11 in Ranged Weapons
  5954 | D:7      | Reached XP level 9. HP: 56/61 MP: 9/9
  6030 | D:6      | Reached * piety under Okawaru
  6206 | D:7      | Found a shimmering blue altar of Sif Muna.
  6373 | D:7      | Reached skill level 12 in Ranged Weapons
  6447 | D:7      | Found Ilab's Vocational Training.
  6568 | D:7      | Reached skill level 2 in Dodging
  6568 | D:7      | Reached skill level 1 in Invocations
  6648 | D:8      | Found a sacrificial altar of Ru.
  6811 | D:8      | Reached ** piety under Okawaru
  6812 | D:8      | Reached skill level 1 in Armour
  6839 | D:8      | Reached skill level 2 in Invocations
  6971 | D:8      | Found a hide-covered altar of Uskayaw.
  7330 | D:8      | Reached skill level 3 in Fighting
  7391 | D:8      | Reached skill level 3 in Invocations
  7392 | D:8      | Found Ulawocee's Distillery.
  7406 | D:8      | Reached skill level 2 in Armour
  7406 | D:8      | Reached skill level 3 in Dodging
  7665 | D:8      | Noticed Prince Ribbit
  7669 | D:8      | Killed Prince Ribbit
  7670 | D:8      | Gained mutation: You have large cloven feet. [demonic
                  | ancestry]
  7670 | D:8      | Reached XP level 10. HP: 60/70 MP: 12/12
  7718 | D:8      | Reached *** piety under Okawaru
  7733 | D:8      | Reached skill level 4 in Invocations
  8013 | D:9      | Reached skill level 4 in Fighting
  8031 | D:9      | Reached skill level 3 in Armour
  8093 | D:9      | Paralysed by a hornet for 1 turns
  8098 | D:9      | HP: 17/71 [poisoned by a hornet]
  8103 | D:9      | HP: 18/72 [poisoned by a hornet]
  8158 | D:9      | Found a staircase to the Lair.
  8224 | D:9      | Reached skill level 4 in Dodging
  8233 | D:9      | Reached **** piety under Okawaru
  8244 | D:9      | Reached skill level 5 in Invocations
  8423 | D:9      | Found a sparkling altar of Nemelex Xobeh.
  8656 | D:9      | Reached skill level 5 in Fighting
  8693 | D:9      | Reached skill level 4 in Armour
  8729 | D:9      | Reached skill level 6 in Invocations
  8765 | D:9      | Reached ***** piety under Okawaru
  8766 | D:9      | Reached skill level 13 in Ranged Weapons
  8783 | D:9      | Found a basalt altar of Yredelemnul.
  8797 | D:9      | Gained mutation: You are mostly covered in razor-sharp
                  | scales. (AC +2, Slay +2) [demonic ancestry]
  8797 | D:9      | Reached XP level 11. HP: 69/80 MP: 15/15
  8854 | D:9      | Found a burning altar of Makhleb.
  8998 | D:10     | Entered Level 10 of the Dungeon
  9024 | D:10     | Reached skill level 5 in Dodging
  9116 | D:10     | Identified the +3 chain mail of Alaanlue {*Slow rElec rN+
                  | Dex+2}
  9313 | D:10     | Reached skill level 7 in Invocations
  9333 | D:10     | Found a radiant altar of Vehumet.
  9398 | D:10     | Reached skill level 6 in Fighting
  9481 | D:10     | Noticed a skeletal warrior
  9484 | D:10     | Reached skill level 5 in Armour
  9488 | D:10     | Noticed a skeletal warrior
  9490 | D:10     | Noticed a skeletal warrior
  9536 | D:10     | HP: 17/81 [skeletal warrior/+0 glaive (22)]
  9583 | D:9      | HP: 9/81 [skeletal warrior/+0 short sword (19)]
  9670 | D:9      | HP: 18/81 [skeletal warrior/+0 short sword (20)]
  9684 | D:9      | HP: 8/81 [skeletal warrior/+0 short sword (21)]
  9685 | D:9      | Slain by a skeletal warrior

Illustrated notes

Levels and vault maps discovered:
D:1:      amcnicky_arrival_double_pillar, layout_basic, serial_shops,
          nicolae_lakefront_shop
D:2:      layout_basic
D:3:      layout_basic, okawaru_gym_becter, serial_shops,
          nicolae_shop_tiny_waterfront, kennysheep_another_room,
          grunt_ministairs_15, minmay_randomly_rotated_circles
D:4:      layout_basic, mainiacjoe_overflow_six_doors_small, temple_doors_e,
          portal_sewer_entry_b, uniq_menkaure, uniq_edmund
D:5:      layout_loops_ring, mainiacjoe_overflow_small_starburst,
          uniq_blork_the_orc
D:6:      layout_basic, serial_curves, eino_curves_03, eino_curves_02,
          minivault_22, nicolae_benzene_ring, kennysheep_generic_room_12,
          uniq_eustachio, uniq_maggie
D:7:      layout_basic, mainiacjoe_overflow_24_doors, wad_floor_pattern_1,
          nicolae_shop_vocational
D:8:      layout_cave_pods, nicolae_ru_sacrificial_ziggurat,
          mainiacjoe_overflow_alcove_1, serial_shops, shop, uniq_prince_ribbit1
D:9:      layout_basic, nemelex_xobeh_ov_fountains_minmay,
          overflow_temple_1_default, nicolae_yredelemnul_corpse_copse,
          erik_lair_island
D:10:     layout_loops_ring, mainiacjoe_overflow_concentric_impassable,
          uniq_josephine
Temple:   nicolae_temple_hex_pool

Skill      XL: |  1  2  3  4  5  6  7  8  9 10 11 |
---------------+----------------------------------+-----
Ranged Weapons | 4 5 6 7 9 11 12 13 | 13.2
Dodging        | 3 4 5 |  5.4
Invocations    | 3 6 7 |  7.0
Armour         | 2 4 5 |  5.0
Fighting       | 3 5 6 |  6.0
Stealth        | |  0.8

Action                     |  1- 3 |  4- 6 |  7- 9 | 10-12 || total
---------------------------+-------+-------+-------+-------++-------
   Fire: Shortbow          |   116 |    91 |   431 |   494 ||  1132
 Invoke: Heroism           |       |       |       |     4 ||     4
    Use: Scroll            |     6 |     6 |    10 |     1 ||    23
         Potion            |       |       |     1 |       ||     1
 Armour: Leather armour    |    11 |    12 |       |       ||    23
         Acid dragon scale |       |       |    21 |     2 ||    23
         Troll leather arm |       |       |       |    51 ||    51
  Dodge: Dodged            |    31 |    44 |   147 |   358 ||   580

Levels and vault maps discovered:
D:1:      amcnicky_arrival_double_pillar, layout_basic, serial_shops,
          nicolae_lakefront_shop
D:2:      layout_basic
D:3:      layout_basic, okawaru_gym_becter, serial_shops,
          nicolae_shop_tiny_waterfront, kennysheep_another_room,
          grunt_ministairs_15, minmay_randomly_rotated_circles
D:4:      layout_basic, mainiacjoe_overflow_six_doors_small, temple_doors_e,
          portal_sewer_entry_b, uniq_menkaure, uniq_edmund
D:5:      layout_loops_ring, mainiacjoe_overflow_small_starburst,
          uniq_blork_the_orc
D:6:      layout_basic, serial_curves, eino_curves_03, eino_curves_02,
          minivault_22, nicolae_benzene_ring, kennysheep_generic_room_12,
          uniq_eustachio, uniq_maggie
D:7:      layout_basic, mainiacjoe_overflow_24_doors, wad_floor_pattern_1,
          nicolae_shop_vocational
D:8:      layout_cave_pods, nicolae_ru_sacrificial_ziggurat,
          mainiacjoe_overflow_alcove_1, serial_shops, shop, uniq_prince_ribbit1
D:9:      layout_basic, nemelex_xobeh_ov_fountains_minmay,
          overflow_temple_1_default, nicolae_yredelemnul_corpse_copse,
          erik_lair_island
D:10:     layout_loops_ring, mainiacjoe_overflow_concentric_impassable,
          uniq_josephine
Temple:   nicolae_temple_hex_pool

Table legend: (Time is in decaauts)
 A = Elapsed time spent in this place.
 B = Non-inter-level travel time spent in this place.
 C = Inter-level travel time spent in this place.
 D = Time resting spent in this place.
 E = Time spent auto-exploring this place.
 F = Levels seen in this place.
 G = Mean time per level.
                   A        B        C        D        E       F      G
               +--------+--------+--------+--------+--------+-----+--------+
         Total |   9764 |   9165 |    599 |      9 |   6887 |  12 |  813.7 |
       Dungeon |   9248 |   8667 |    581 |      9 |   6534 |  10 |  924.8 |
        Temple |     93 |     75 |     18 |      0 |     64 |   1 |   93.0 |
         Sewer |    422 |    422 |      0 |      0 |    289 |   1 |  422.0 |
               +--------+--------+--------+--------+--------+-----+--------+

Top non-repeatable levels by time:
     D:6: 1423 daAuts
     D:8: 1337 daAuts
     D:9: 1131 daAuts
     D:2: 1062 daAuts
     D:4: 986 daAuts
     D:1: 800 daAuts
     D:5: 725 daAuts
     D:7: 633 daAuts
     D:3: 615 daAuts
    D:10: 533 daAuts
   Sewer: 422 daAuts
  Temple: 93 daAuts

Table legend:
 A = Kills in this place as a percentage of kills in the entire game.
 B = Kills by you in this place as a percentage of kills by you in the entire game.
 C = Kills by friends in this place as a percentage of kills by friends in the entire game.
 D = Other kills in this place as a percentage of other kills in the entire game.
 E = Experience gained in this place as a percentage of experience gained in the entire game.
 F = Experience gained in this place divided by the number of levels of this place that you have seen.
                   A       B       C       D       E      F
               +-------+-------+-------+-------+-------+----------------------
         Total | 100.0 | 100.0 |   N/A |   N/A | 100.0 | 1179.3
       Dungeon |  91.7 |  91.7 |   N/A |   N/A |  98.0 | 1387.4
         Sewer |   8.3 |   8.3 |   N/A |   N/A |   2.0 | 278.0
               +-------+-------+-------+-------+-------+----------------------
